 Dungeon Crawl Stone Soup version 0.30-a0-6-g7c9e10e132 (webtiles) character file.

Game seed: 4941309514872102199

390 xian the Ruffian (level 6, -2/57 HPs)
             Began as a Troll Gladiator on Aug 23, 2022.
             Was a Follower of Okawaru.
             Slain by a scorpion (5 damage)
             ... on level 4 of the Dungeon.
             The game lasted 00:11:21 (2572 turns).

xian the Ruffian (Troll Gladiator)                  Turns: 2572, Time: 00:11:21

Health: -2/57      AC:  5    Str: 29      XL:     6   Next: 50%
Magic:  5/5        EV: 10    Int:  3      God:    Okawaru [*.....]
Gold:   241        SH:  0    Dex:  6 (10) Spells: 5/5 levels left

rFire   . . .      SeeInvis .      - Unarmed
rCold   . . .      Faith    .    (no shield)
rNeg    . . .      Spirit   .    a - +0 robe
rPois   .          Reflect  .    b - +0 hat
rElec   .          Harm     .    s - +0 cloak
rCorr   .          Rampage  .    (gloves unavailable)
Will    .....                    (boots unavailable)
Stlth   +.........               (no amulet)
HPRegen 0.99/turn                (no ring)
MPRegen 0.09/turn                (no ring)

@: lethally poisoned (-2 -> -11)
A: large, unfitting armour, claws 3, regeneration 1, shaggy fur 1, tough skin 1,
strong 1
a: Renounce Religion, Heroism


You were on level 4 of the Dungeon.
You worshipped Okawaru.
Okawaru was aware of your devotion.
You visited 1 branch of the dungeon, and saw 5 of its levels.

You collected 241 gold pieces.

Inventory:

Missiles
 c - 2 throwing nets (quivered)
 g - 5 poisoned darts
 h - 24 stones
 q - 6 curare-tipped darts
Armour
 a - a +0 robe (worn)
 b - a +0 hat (worn)
 s - a +0 cloak (worn)
Scrolls
 e - 6 scrolls of identify {unknown}
 i - a scroll of torment {unknown}
 l - a scroll of fog {unknown}
 p - a scroll of enchant weapon {unknown}
 t - a scroll of brand weapon {unknown}
 u - a scroll of teleportation {unknown}
 v - 2 scrolls of noise {unknown}
 w - a scroll of enchant armour {unknown}
 y - a scroll of vulnerability {unknown}
Potions
 f - 3 potions of haste
 j - a potion of curing {unknown}
 k - a potion of brilliance {unknown}
 m - a potion of ambrosia {unknown}
 r - a potion of might {unknown}
 x - a potion of berserk rage {unknown}


   Skills:
 + Level 2.1 Fighting
 + Level 3.5 Throwing
 + Level 3.6 Dodging
 + Level 0.8 Stealth
 + Level 5.0 Unarmed Combat


You had 5 spell levels left.
You didn't know any spells.
Your spell library contained the following spells:

 Spells                   Type           Power      Damage    Failure   Level
 Shock                    Conj/Air       0%         1d3       52%         1
 Conjure Flame            Conj/Fire      0%         6-21      88%         3
 Mephitic Cloud           Conj/Pois/Air  0%         N/A       88%         3


Dungeon Overview and Level Annotations

Branches:
Dungeon (5/15)
 Temple: D:4-7

Altars:
Cheibriados
Kikubaaqudgha
Okawaru
Sif Muna
Trog


Innate Abilities, Weirdness & Mutations

You are too large for most types of armour.
You have claws for hands.
Your natural rate of healing is unusually fast.
You are covered in fur. (AC +1)
You have tough skin. (AC +1)
Your muscles are strong. (Str +4, Int/Dex -1)


Message History

A necrophage comes into view.
You feel very sick.
The scorpion stings you but does no damage.
The scorpion barely misses you. The scorpion attacks as you move away!
The scorpion closely misses you.
An ufetubus comes into view.
You feel very sick.
The ufetubus shouts!
You feel very sick. The scorpion barely misses you. x2
There is a stone staircase leading down here.
You feel sick. The scorpion closely misses you.
You feel sick. The scorpion barely misses you. The scorpion stings you.
The scorpion closely misses you.
You feel sick. The scorpion stings you.
You are more poisoned.
The scorpion poisons you! The scorpion barely misses you.
You feel very sick. The scorpion attacks as you move away!
The scorpion stings you.
You are more poisoned.
The scorpion poisons you! The scorpion attacks as you move away!
The scorpion closely misses you.
You feel very sick.
There is a stone staircase leading up, spattered with blood here.
You feel very sick.
The scorpion stings you but does no damage.
The scorpion stings you.
* * * LOW HITPOINT WARNING * * *
You are lethally poisoned!
The scorpion poisons you!
You climb upwards.
* * * LOW HITPOINT WARNING * * *
You feel extremely sick.
There is a stone staircase leading down here.
It was a potion of magic.
Magic courses through your body.
* * * LOW HITPOINT WARNING * * *
You feel very sick. The scorpion barely misses you.
The scorpion closely misses you. The scorpion stings you.
You die...

#.....###....#..#.....
##.....#.#...###.#.....
#...##...........###..#
###..##.#.........##..#
#..##.#.....#....#...
#####.#.[........#..##..
##.#...#..#.......#..#...
#...)................##.#
#.......@s...........##.#
##.......s.#....###......
#...#....###...####....#
###........#
#.#...##....#
#...###....#
###.........#
##......#..## #.###....##
##....##...# ### ##...#.
##......##### #......
#.###......# ##.....


You could see 2 scorpions.

Vanquished Creatures
  Eustachio (D:4)
  A necrophage (D:4)
  2 hounds (D:4)
  An iguana (D:4)
  3 adders
  A worm (D:4)
  A dart slug (D:4)
  An orc (D:3)
  5 ball pythons
  10 bats
  6 endoplasms
  4 giant cockroaches
  6 goblins
  9 hobgoblins
  7 jackals
  4 kobolds
  2 quokkas (D:1)
  3 frilled lizards
  7 rats
74 creatures vanquished.

Vanquished Creatures (others)
  A wizard (D:4)
1 creature vanquished.

Grand Total: 75 creatures vanquished

Notes
Turn   | Place    | Note
-------+----------+-------------------------------------------
     0 | D:1      | xian the Troll Gladiator began the quest for the Orb.
     0 | D:1      | Reached XP level 1. HP: 19/19 MP: 0/0
    37 | D:1      | Noticed a shining eye
    40 | D:1      | Found a faded altar of an unknown god.
    45 | D:1      | Noticed a shining eye
    45 | D:1      | Noticed a golden eye
    45 | D:1      | Noticed a shining eye
    83 | D:1      | Reached XP level 2. HP: 27/27 MP: 1/1
   659 | D:1      | Reached XP level 3. HP: 35/35 MP: 2/2
  1177 | D:3      | Got the Spellbook of Violent Calefaction
  1262 | D:3      | Reached XP level 4. HP: 42/42 MP: 3/3
  1856 | D:4      | Found a shimmering blue altar of Sif Muna.
  1884 | D:4      | Found an ancient bone altar of Kikubaaqudgha.
  1899 | D:4      | Reached skill level 4 in Unarmed Combat
  1941 | D:4      | Found an iron altar of Okawaru.
  1949 | D:4      | Noticed a necrophage
  1957 | D:4      | Killed a necrophage
  1958 | D:4      | Reached XP level 5. HP: 42/49 MP: 4/4
  2009 | D:4      | Became a worshipper of Warmaster Okawaru
  2310 | D:4      | Noticed Eustachio
  2337 | D:4      | Gained mutation: Your muscles are strong. (Str +4, Int/Dex
                  | -1) [potion of mutation]
  2365 | D:4      | Killed Eustachio
  2365 | D:4      | Reached * piety under Okawaru
  2366 | D:4      | Reached skill level 5 in Unarmed Combat
  2366 | D:4      | Reached XP level 6. HP: 29/57 MP: 5/5
  2419 | D:4      | Found a snail-covered altar of Cheibriados.
  2474 | D:4      | Found a bloodstained altar of Trog.
  2477 | D:4      | Noticed a wizard
  2482 | D:4      | Killed a wizard
  2554 | D:5      | Entered Level 5 of the Dungeon
  2572 | D:4      | Slain by a scorpion

Illustrated notes

Levels and vault maps discovered:
D:1:      wander_arrival_peaceful_grave, layout_basic,
          hellmonk_ecumenical_altar_watching_god, kennysheep_boxes
D:2:      layout_rooms
D:3:      layout_loops_cross, hex_medium, minmay_diced_spiral
D:4:      layout_cave_pools, lemuel_blue_sif_altar,
          mainiacjoe_overflow_alcove_2, trog_wizard, okawaru_trees_1,
          mainiacjoe_overflow_small_starburst, chequers_serial_rivers_room_b,
          uniq_eustachio
D:5:      layout_rooms, minmay_temple_entry_waves, chequers_avenue

Skill      XL: |  1  2  3  4  5 |
---------------+----------------+-----
Throwing       | 2 3 |  3.5
Dodging        | 3 |  3.6
Unarmed Combat | 4 5 |  5.0
Fighting       | 2 |  2.1
Stealth        | |  0.8

Action                   |  1- 3 |  4- 6 || total
-------------------------+-------+-------++-------
Melee: Unarmed           |    79 |    70 ||   149
       Punch             |       |     3 ||     3
Throw: Large rock        |    34 |    14 ||    48
       Throwing net      |     1 |       ||     1
       Dart              |       |     7 ||     7
       Stone             |       |     6 ||     6
  Use: Potion            |       |     3 ||     3
       Scroll            |       |     1 ||     1
 Stab: Sleeping          |     1 |       ||     1
Armor: Robe              |    44 |    54 ||    98
Dodge: Dodged            |    59 |    87 ||   146

Table legend: (Time is in decaauts)
 A = Elapsed time spent in this place.
 B = Non-inter-level travel time spent in this place.
 C = Inter-level travel time spent in this place.
 D = Time resting spent in this place.
 E = Time spent auto-exploring this place.
 F = Levels seen in this place.
 G = Mean time per level.
                   A        B        C        D        E       F      G
               +--------+--------+--------+--------+--------+-----+--------+
         Total |   2583 |   2478 |    105 |      0 |   1714 |   5 |  516.6 |
       Dungeon |   2583 |   2478 |    105 |      0 |   1714 |   5 |  516.6 |
               +--------+--------+--------+--------+--------+-----+--------+

Top non-repeatable levels by time:
     D:4: 755 daAuts
     D:3: 730 daAuts
     D:1: 676 daAuts
     D:2: 402 daAuts
     D:5: 18 daAuts
